 Dungeon Crawl Stone Soup version 0.29.1-15-g9cfb28693d (webtiles) character file.

Game seed: 5085798965498925553

147 Eryximachus the Digger (level 5, -9/28 HPs)
             Began as a Gargoyle Earth Elementalist on Mar 26, 2023.
             Mangled by an ice beast (14 damage)
             ... on level 4 of the Dungeon on Apr 6, 2023.
             The game lasted 00:12:37 (4256 turns).

Eryximachus the Digger (GrEE)                       Turns: 4256, Time: 00:12:38

Health: -9/28      AC:  6    Str: 12    XL:     5   Next: 29%
Magic:  1/10       EV: 12    Int: 17    God:
Gold:   102        SH:  0    Dex: 10    Spells: 5/11 levels left

rFire   . . .      SeeInvis .   f - +1 dagger (protect)
rCold   . . .      Faith    .   (no shield)
rNeg    + . .      Spirit   .   a - +0 robe
rPois   ∞          Reflect  .   (no helmet)
rElec   +          Harm     .   (no cloak)
rCorr   .          Rampage  .   (no gloves)
Will    .....                   (no boots)
Stlth   ++........              (no amulet)
HPRegen 0.09/turn               (no ring)
MPRegen 0.12/turn               (no ring)

@: no status effects
A: sickness immunity, AC +4, negative energy resistance 1, electricity
resistance, torment resistance 1, petrification resistance
a: no special abilities


You were on level 4 of the Dungeon.
You visited 1 branch of the dungeon, and saw 4 of its levels.

You collected 102 gold pieces.


Innate Abilities, Weirdness & Mutations

You are immune to sickness and miasma.
Your stone body is resilient. (AC +4)
You are immune to poison.
You resist negative energy. (rN+)
You are resistant to electric shocks. (rElec)
You are resistant to unholy torment.
You are immune to petrification.


   Skills:
 + Level 0.0 Fighting
 - Level 2.0 Dodging
 - Level 3.0 Stealth
 + Level 3.5 Spellcasting
 + Level 0.0 Conjurations
 - Level 1.0 Transmutations
 + Level 5.0 Earth Magic


You had 5 spell levels left.
You knew the following spells:

 Your Spells              Type           Power      Damage    Failure   Level
a - Passwall              Tmut/Erth      10%        N/A       8%          2
w - Stone Arrow           Conj/Erth      22%        3d8       19%         3
z - Sandblast             Erth           40%        2d10      2%          1

Your spell library contained the following spells:

 Spells                   Type           Power      Damage    Failure   Level
 Petrify                  Tmut/Erth      13%        N/A       43%         4
 Gell's Gravitas          Tloc           3%         N/A       45%         3
 Lesser Beckoning         Tloc           3%         N/A       45%         3
 Teleport Other           Tloc           3%         N/A       45%         3
 Olgreb's Toxic Radiance  Pois           3%         N/A       86%         4
 Ozocubu's Refrigeration  Ice            1%         4d7       100%        7
 Ignition                 Fire           1%         3d3       100%        8

Inventory:

Hand Weapons
 f - a +1 dagger of protection (weapon)
Missiles
 c - 50 stones
 i - 6 poisoned darts (quivered)
Armour
 a - a +0 robe (worn)
Wands
 l - a wand of quicksilver (8)
Scrolls
 e - a scroll of teleportation {unknown}
 g - a scroll of amnesia {unknown}
 k - a scroll of blinking {unknown}
 n - a scroll of fear {unknown}
Potions
 b - a potion of magic
 d - 3 potions of heal wounds {unknown}
 h - a potion of mutation {unknown}
 j - a potion of attraction {unknown}
 m - a potion of resistance {unknown}

Dungeon Overview and Level Annotations

Branches:
Dungeon (4/15)
 Temple: D:4-7

Altars:

Annotations:
D:2 Sigmund
D:3 Grinder

.? )J.
g.♣♣ ..♣
♣.♣♣ ♣.♣
♣.♣♣ ♣♣.♣
♣@♣♣ ♣♣Y♣
♣.♣♣ ♣♣.♣
♣ ♣.♣ ♣.
♣♣♣.♣
♣.♣♣...♣
♣♣.....♣♣
♣.....♣♣


You could see an ice beast.


Message History

Casting: Sandblast (safe; 2% risk of failure)
Confirm with . or Enter, or press ? or * to list all spells.
Aiming: Sandblast (safe; 2% risk of failure)
Press: ? - help, Shift-Dir - straight line, f/p - ice beast
Aim: an ice beast (moderately wounded, 83% to hit)
The blast of sand hits the ice beast but does no damage.
The ice beast is moderately wounded.
The ice beast completely misses you. The ice beast barely misses you.
Unknown command.
Casting: Sandblast (safe; 2% risk of failure)
Confirm with . or Enter, or press ? or * to list all spells.
Aiming: Sandblast (safe; 2% risk of failure)
Press: ? - help, Shift-Dir - straight line, f/p - ice beast
Aim: an ice beast (moderately wounded, 83% to hit)
The blast of sand hits the ice beast but does no damage.
The ice beast is moderately wounded.
The ice beast hits you but does no damage.
Unknown command.
Casting: Sandblast (safe; 2% risk of failure)
Confirm with . or Enter, or press ? or * to list all spells.
Aiming: Sandblast (safe; 2% risk of failure)
Press: ? - help, Shift-Dir - straight line, f/p - ice beast
Aim: an ice beast (moderately wounded, 83% to hit)
The blast of sand hits the ice beast but does no damage.
The ice beast is moderately wounded.
The ice beast barely misses you. The ice beast hits you.
* * * LOW HITPOINT WARNING * * *
The ice beast freezes you!
Ouch! That really hurt!
You die...

Skill      XL: |  1  2  3  4  5 |
---------------+----------------+-----
Transmutations | 1 |  1.0
Earth Magic    | 4 5 |  5.0
Dodging        | 2 |  2.0
Stealth        | 3 |  3.0
Spellcasting   | 3 |  3.5

Action                   |  1- 3 |  4- 6 || total
-------------------------+-------+-------++-------
Melee: Dagger            |    29 |    63 ||    92
       Unarmed           |       |    11 ||    11
Throw: Stone             |     1 |       ||     1
 Cast: Sandblast         |    39 |    25 ||    64
 Stab: Sleeping          |     2 |     2 ||     4
       Confused          |       |     2 ||     2
Armor: Robe              |    17 |    34 ||    51
       Skin              |       |     2 ||     2
Dodge: Dodged            |    31 |    47 ||    78

Levels and vault maps discovered:
D:1:      dpeg_arrival_rooms_b, layout_rooms, ebering_ecumenical_altar_petrified
D:2:      layout_loops_corners, grunt_decor_resistance, uniq_sigmund,
          uniq_jessica
D:3:      layout_loops_cross, hangedman_decor_clover_reticule,
          minmay_statues_item, small_statue_alley_b, hangedman_decor_push,
          minmay_unequal, uniq_grinder, uniq_ijyb
D:4:      kb_forest_paths, layout_basic, serial_glass, glass_columns_b,
          glass_columns_b, glass_columns_b, glass_columns_c, glass_columns_b,
          glass_columns_a, glass_columns_a, glass_columns_b, feat_on_display

Notes
Turn   | Place    | Note
-------+----------+-------------------------------------------
     0 | D:1      | Eryximachus the Gargoyle Earth Elementalist began the quest
                  | for the Orb.
     0 | D:1      | Reached XP level 1. HP: 10/10 MP: 3/3
   283 | D:1      | Reached skill level 1 in Transmutations
   283 | D:1      | Reached XP level 2. HP: 15/15 MP: 3/5
   792 | D:1      | Reached XP level 3. HP: 9/19 MP: 1/6
   976 | D:1      | Found a faded altar of an unknown god.
   983 | D:1      | Reached skill level 4 in Earth Magic
  1067 | D:1      | Reached skill level 2 in Dodging
  1387 | D:2      | Noticed Sigmund
  1741 | D:2      | Learned a level 3 spell: Stone Arrow
  1994 | D:2      | Noticed Jessica
  2002 | D:2      | Killed Jessica
  2003 | D:2      | Reached skill level 3 in Stealth
  2003 | D:2      | Reached XP level 4. HP: 24/24 MP: 3/8
  2977 | D:3      | Noticed Ijyb
  3056 | D:3      | Killed Ijyb
  3057 | D:3      | Reached skill level 3 in Spellcasting
  3296 | D:3      | Reached XP level 5. HP: 27/28 MP: 9/9
  3731 | D:3      | Reached skill level 5 in Earth Magic
  3942 | D:3      | Noticed Grinder
  4213 | D:4      | Learned a level 2 spell: Passwall
  4243 | D:4      | Noticed an ice beast
  4256 | D:4      | Mangled by an ice beast

Vanquished Creatures
  Jessica (D:2)
  Ijyb (D:3)
  4 adders
  2 worms
  7 endoplasms
  2 giant cockroaches
  5 goblins
  2 hobgoblins
  3 quokkas
  9 ball pythons
  3 bats
  4 frilled lizards
  10 kobolds
  4 rats (D:1)
57 creatures vanquished.

Vanquished Creatures (others)
  2 withered plants (D:1)
2 creatures vanquished.

Grand Total: 59 creatures vanquished

Table legend: (Time is in decaauts)
 A = Elapsed time spent in this place.
 B = Non-inter-level travel time spent in this place.
 C = Inter-level travel time spent in this place.
 D = Time resting spent in this place.
 E = Time spent auto-exploring this place.
 F = Levels seen in this place.
 G = Mean time per level.
                   A        B        C        D        E       F      G
               +--------+--------+--------+--------+--------+-----+--------+
         Total |   4272 |   4071 |    201 |   1488 |   1734 |   4 | 1068.0 |
       Dungeon |   4272 |   4071 |    201 |   1488 |   1734 |   4 | 1068.0 |
               +--------+--------+--------+--------+--------+-----+--------+

Top non-repeatable levels by time:
     D:1: 1905 daAuts
     D:3: 1298 daAuts
     D:2: 952 daAuts
     D:4: 116 daAuts

Table legend:
 A = Non-vault XP
 B = Vault XP
 C = Vault XP percentage of total XP
 D = Non-vault monster count
 E = Vault monster count
 F = Vault count percentage of total count
                 A         B        C        D         E       F
            +---------+---------+-------+---------+---------+-------
      Total |     120 |      91 |  43.1 |      51 |       6 |  10.5
            +---------+---------+-------+---------+---------+-------
        D:1 |      39 |       0 |   0.0 |      27 |       0 |   0.0
        D:2 |      17 |      37 |  68.5 |       9 |       1 |  10.0
        D:3 |      64 |      41 |  39.0 |      15 |       4 |  21.1
        D:4 |       0 |      13 | 100.0 |       0 |       1 | 100.0
            +---------+---------+-------+---------+---------+-------
